 Dungeon Crawl Stone Soup version 0.29-a0-284-gf9362112df (webtiles) character file.

Game seed: 4405864115614463388

1710 Dazliare the Stinger (level 9, -1/54 HPs)
             Began as an Octopode Wanderer on Mar 18, 2022.
             Was a Follower of Hepliaklqana.
             Slain by Edmund
             ... wielding a +2 flail of protection
              (9 damage)
             ... on level 5 of the Dungeon.
             The game lasted 00:13:32 (5887 turns).

Dazliare the Stinger (Octopode Wanderer)            Turns: 5887, Time: 00:13:32

Health: -1/54      AC:  1    Str:  9    XL:     9   Next: 3%
Magic:  13/13      EV: 11    Int: 19    God:    Hepliaklqana [*.....]
Gold:   209        SH:  6    Dex: 19    Spells: 5/14 levels left

rFire   . . .      SeeInvis .   a - +1 dagger (elec)
rCold   . . .      Faith    .   v - +0 buckler
rNeg    + . .      Spirit   .   (helmet restricted)
rPois   .          Reflect  .   q - amulet of magic regeneration
rElec   .          Harm     .   t - ring of wizardry
rCorr   .          Rampage  .   u - ring of wizardry
Will    .....                   m - ring "Nieroq" {rN+ Dex+6}
Stlth   +++++.....              (no ring)
HPRegen 0.18/turn               (no ring)
MPRegen 0.53/turn               (no ring)
                                (no ring)
                                (no ring)

@: no status effects
A: reduced essence, almost no armour, amphibious, 8 rings, camouflage 1,
gelatinous body 1, (nimble swimmer 1), tentacles
a: Renounce Religion, Recall Ancestor, Ancestor Identity


You were on level 5 of the Dungeon.
You worshipped Hepliaklqana.
Hepliaklqana was aware of your devotion.
You visited 1 branch of the dungeon, and saw 5 of its levels.

You collected 209 gold pieces.

Inventory:

Hand Weapons
 a - a +1 dagger of electrocution (weapon)
 b - a +0 hunting sling
Missiles
 c - 5 datura-tipped darts
 e - 6 poisoned darts (quivered)
 j - 2 atropa-tipped darts
Armour
 v - a +0 buckler (worn)
Jewellery
 m - the ring "Nieroq" (on tentacle) {rN+ Dex+6}
   (You found it on level 5 of the Dungeon)

   [ring of dexterity]

   Dex:       It affects your dexterity (+6).
   rN:        It protects you from negative energy.
 q - an amulet of magic regeneration (around mantle)
 t - a ring of wizardry (left tentacle)
 u - a ring of wizardry (right tentacle)
Wands
 y - a wand of iceblast (12)
Scrolls
 d - 3 scrolls of blinking
 g - 3 scrolls of teleportation
 h - a scroll of fog
 o - a scroll of noise {unknown}
 r - a scroll of enchant weapon {unknown}
Potions
 f - 2 potions of might {unknown}
 i - a potion of haste
 k - a potion of cancellation
 l - a potion of attraction
 n - a potion of invisibility
 p - a potion of curing {@q1}
 s - 2 potions of heal wounds {unknown}
 w - a potion of flight {unknown}
 x - a potion of lignification {unknown}


   Skills:
 - Level 5.0 Fighting
 + Level 5.8 Short Blades
 - Level 6.6 Stealth
 - Level 4.0 Shields
 - Level 3.0 Spellcasting
 - Level 2.0 Conjurations
 - Level 2.0 Transmutations
 - Level 7.0 Poison Magic


You had 5 spell levels left.
You knew the following spells:

 Your Spells              Type           Power      Damage    Failure   Level
a - Sting                 Tmut/Pois      76%        1d6       1%          1
b - Poisonous Vapours     Pois/Air       32%        N/A       1%          2
c - Ignite Poison         Fire/Tmut/Pois 14%        N/A       4%          3
d - Mephitic Cloud        Conj/Pois/Air  14%        N/A       4%          3

Your spell library contained the following spells:

 Spells                   Type           Power      Damage    Failure   Level
 Magic Dart               Conj           40%        1d5       2%          1
 Call Imp                 Summ           2%         N/A       8%          2
 Corpse Rot               Necr/Air       4%         N/A       8%          2


Dungeon Overview and Level Annotations

Branches:
Dungeon (5/15)             Temple (0/1) D:4

Altars:
Cheibriados
Elyvilon
Fedhas
Hepliaklqana
Ru
Xom

Shops:
D:3 :

Annotations:
D:5 Edmund


Innate Abilities, Weirdness & Mutations

Your life essence is reduced to manifest your ancestor. (-10% HP)
You cannot wear most types of armour.
You are amphibious.
You can wear up to eight rings at the same time.
Your skin changes colour to match your surroundings (Stealth+).
Your rubbery body absorbs attacks. (AC +1, EV +1)
((You are camouflaged when in or above water. (Stealth+)))
You have tentacles for arms and can constrict up to eight enemies at once.


Message History

Confirm with . or Enter, or press ? or * to list all spells.
Aiming: Poisonous Vapours (safe; 1% risk of failure)
Press: ? - help, Dir - move target, f - Edmund
Aim: Edmund, wielding a +2 flail of protection and wearing a +0 scale mail Poisonous vapours surround Edmund!
Edmund is poisoned.
Edmund drinks a potion.
Edmund flickers and vanishes!
Deactivating autopickup; reactivate with Ctrl-A.
The ufetubus closely misses you. The ufetubus hits you.
Unknown command.
The ufetubus attacks as you move away! The ufetubus barely misses you.
The ufetubus hits you but does no damage.
You block the ufetubus's attack. x2
Cashile completely misses something.
Cashile hits something but does no damage.
The ufetubus barely misses you. x2
Cashile hits something.
The ufetubus attacks as you move away! The ufetubus hits you.
You block the ufetubus's attack.
Cashile closely misses something.
The ufetubus misses you. The ufetubus barely misses you.
The ufetubus closely misses you. The ufetubus hits you.
The ufetubus hits you. x2
You closely miss the ufetubus. You grab the ufetubus. You squeeze the ufetubus!
You kill the ufetubus!
Something hits you! Something hits you.
There is an escape hatch in the ceiling here.
Something hits you!
* * * LOW HITPOINT WARNING * * *
Casting: Poisonous Vapours (safe; 1% risk of failure)
Confirm with . or Enter, or press ? or * to list all spells.
You can't see any susceptible monsters within range! (Use Z to cast anyway.)
You feel better. Something hits you!
* * * LOW HITPOINT WARNING * * *
Okay, then.
Unknown command.
Unknown command.
Something hits you!
* * * LOW HITPOINT WARNING * * *
You feel better. Something hits you!
You die...

#...#### #..########
#.. # #..##
##........# #.. # #..#
##........# # #..##
##.........#
##..#####...########
##.........#
#........R.## ##.
##.###....#{.# #..
##.## #....##@## #..##
###.##
#...R##..#######.#...
##..##
#.....##...#......#..
...##
##.###..............#$
#### #..#
##.......†......#
##.## ##..########....
#.)# #### . #..# #..#


You could see the friendly Cashile the ancestor.

Vanquished Creatures
  Pikel (D:5)
  Grinder (D:3)
  Eustachio (D:4)
  Menkaure (D:4)
  A sky beast (D:5)
  An ice beast (D:5)
  A lemure (D:5)
  A necrophage (D:4)
  3 scorpions
  A howler monkey (D:4)
  2 jellies (D:4)
  2 iguanas
  4 gnolls (D:3)
  7 adders
  An ufetubus (D:5)
  3 worms
  A dart slug (D:3)
  13 orcs
  10 ball pythons
  An endoplasm (D:1)
  3 giant cockroaches
  5 hobgoblins
  7 jackals
  3 quokkas
  10 bats
  4 frilled lizards
  9 goblins
  9 kobolds
  5 rats
111 creatures vanquished.

Notes
Turn   | Place    | Note
-------+----------+-------------------------------------------
     0 | D:1      | Dazliare the Octopode Wanderer began the quest for the Orb.
     0 | D:1      | Dazliare set off with the following items: a +1 dagger, 2
                  | atropa-tipped darts, 2 datura-tipped darts, a scroll of
                  | blinking; and the following spell memorised: Sting; and the
                  | following spells available to memorise: Ignite Poison
     0 | D:1      | Reached XP level 1. HP: 13/13 MP: 2/2
   416 | D:1      | Reached XP level 2. HP: 19/19 MP: 1/3
   623 | D:1      | Learned a level 2 spell: Poisonous Vapours
  1078 | D:2      | Reached XP level 3. HP: 25/25 MP: 0/4
  1217 | D:2      | Reached skill level 4 in Poison Magic
  1380 | D:2      | Found a shimmering altar of Xom.
  1728 | D:2      | Reached XP level 4. HP: 31/31 MP: 5/5
  1803 | D:2      | Reached skill level 5 in Poison Magic
  2158 | D:3      | Found Yvao's Book Shop.
  2264 | D:3      | Reached skill level 1 in Short Blades
  2361 | D:3      | Noticed Grinder
  2405 | D:3      | Killed Grinder
  2406 | D:3      | Reached XP level 5. HP: 12/37 MP: 5/9
  2406 | D:3      | Reached XP level 6. HP: 14/43 MP: 5/10
  2705 | D:3      | Learned a level 3 spell: Ignite Poison
  2709 | D:3      | Learned a level 3 spell: Mephitic Cloud
  2794 | D:3      | Found a white marble altar of Elyvilon.
  2795 | D:3      | Found a snail-covered altar of Cheibriados.
  2889 | D:3      | Became a worshipper of Elyvilon the Healer
  3043 | D:3      | Found a hazy altar of Hepliaklqana.
  3275 | D:3      | Fell from the grace of Elyvilon
  3275 | D:3      | Became a worshipper of Hepliaklqana the Forgotten
  3524 | D:3      | Reached skill level 5 in Fighting
  3524 | D:3      | Reached XP level 7. HP: 42/50 MP: 4/11
  3837 | D:4      | Noticed Menkaure
  3851 | D:4      | Found a sacrificial altar of Ru.
  3851 | D:4      | Found a blossoming altar of Fedhas.
  3872 | D:4      | Reached skill level 6 in Poison Magic
  4079 | D:4      | Noticed Eustachio
  4095 | D:4      | Killed Eustachio
  4096 | D:4      | Reached skill level 7 in Poison Magic
  4096 | D:4      | Reached skill level 1 in Conjurations
  4295 | D:4      | Found a staircase to the Ecumenical Temple.
  4514 | D:4      | Reached skill level 1 in Transmutations
  4937 | D:4      | Reached XP level 8. HP: 55/55 MP: 12/12
  5090 | D:4      | Killed Menkaure
  5300 | D:5      | Entered Level 5 of the Dungeon
  5300 | D:5      | Reached * piety under Hepliaklqana
  5316 | D:5      | Reached skill level 1 in Shields
  5380 | D:5      | Identified the ring "Nieroq" {rN+ Dex+6}
  5540 | D:5      | Noticed Pikel
  5555 | D:5      | Killed Pikel
  5556 | D:5      | Reached skill level 5 in Short Blades
  5556 | D:5      | Reached XP level 9. HP: 27/54 MP: 3/13
  5867 | D:5      | Noticed Edmund
  5886 | D:5      | HP: 2/54 [something (8)]
  5887 | D:5      | Slain by Edmund

Illustrated notes

Levels and vault maps discovered:
D:1:      minmay_arrival_solitary_statue, layout_rooms,
          corexii_item_surrounded_by_moat
D:2:      layout_loops_ring, serial_rivers, chequers_serial_rivers_marsh,
          chequers_serial_rivers_micro_e, chequers_serial_rivers_micro_c,
          chequers_serial_rivers_micro_b, chequers_serial_rivers_room_b,
          basic_altar, minmay_hexomino_c4
D:3:      minmay_skewed_foursquare, layout_basic, amcnicky_altar_gilded,
          mainiacjoe_overflow_divided_tiny, serial_shops, shop, uniq_grinder
D:4:      layout_gridville, jmf_multi_god_temple, minmay_temple_entry_slanted,
          minmay_misc_feat_tiny, minivault_27, uniq_eustachio, uniq_menkaure
D:5:      layout_layer_cave, minivault_26, chequers_big_river, uniq_pikel,
          uniq_edmund

Skill      XL: |  1  2  3  4  5  6  7  8 |
---------------+-------------------------+-----
Fighting       | 2 3 5 |  5.0
Poison Magic   | 4 5 7 |  7.0
Short Blades   | 2 5 |  5.8
Spellcasting   | 3 |  3.0
Conjurations   | 2 |  2.0
Transmutations | 2 |  2.0
Shields        | 4 |  4.0
Stealth        | |  6.6

Action                   |  1- 3 |  4- 6 |  7- 9 || total
-------------------------+-------+-------+-------++-------
Melee: Dagger            |    51 |    68 |    62 ||   181
       Constrict         |    16 |    15 |    13 ||    44
       Tentacles         |     7 |    12 |    14 ||    33
       Punch             |       |       |     1 ||     1
 Fire: Hunting sling     |     2 |       |       ||     2
Throw: Dart              |     6 |     1 |       ||     7
 Cast: Sting             |     5 |       |       ||     5
       Poisonous Vapours |     3 |    18 |    13 ||    34
       Ignite Poison     |       |       |     2 ||     2
       Mephitic Cloud    |       |       |     1 ||     1
  Use: Scroll            |     1 |     1 |     4 ||     6
       Potion            |       |       |     2 ||     2
 Stab: Sleeping          |    13 |    12 |    13 ||    38
Armor: Skin              |     4 |     4 |     2 ||    10
Dodge: Dodged            |    32 |    38 |    28 ||    98
Block: Buckler           |       |       |     6 ||     6

Table legend: (Time is in decaauts)
 A = Elapsed time spent in this place.
 B = Non-inter-level travel time spent in this place.
 C = Inter-level travel time spent in this place.
 D = Time resting spent in this place.
 E = Time spent auto-exploring this place.
 F = Levels seen in this place.
 G = Mean time per level.
                   A        B        C        D        E       F      G
               +--------+--------+--------+--------+--------+-----+--------+
         Total |   5874 |   5510 |    364 |   1803 |   2673 |   5 | 1174.8 |
       Dungeon |   5874 |   5510 |    364 |   1803 |   2673 |   5 | 1174.8 |
               +--------+--------+--------+--------+--------+-----+--------+

Top non-repeatable levels by time:
     D:3: 1599 daAuts
     D:4: 1500 daAuts
     D:1: 1102 daAuts
     D:2: 1088 daAuts
     D:5: 584 daAuts
